Influenza vs Staline
(R2)
Created - 3 juin 2013 at 19:54
Goals
|
| Influenza |
0 |
1 |
1 |
0 |
2 |
| Staline |
0 |
0 |
2 |
1 |
3 |
|
Shots
|
| Influenza |
4 |
14 |
16 |
7 |
41 |
| Staline |
13 |
7 |
12 |
5 |
37 |
|
1st period
No Goal
Penalties :
Jaime Sifers (VJB) for Hooking (Minor) at 3:53, Matt Generous (StJ) for Slashing (Minor) at 6:12, T.J. Fast (StJ) for Interference (Minor) at 12:00, Robbie Earl (VJB) for Slashing (Minor) at 12:39, Jamie McBain (VJB) for Slashing (Minor) at 16:27
2nd period
1. Influenza , Justin Abdelkader 6 (Ryan Carter, Blake Comeau) at 12:12
Penalties :
Chris Dingman (StJ) for Charging (Minor) at 3:53, T.J. Fast (StJ) for Hooking (Minor) at 8:49, Robbie Earl (VJB) for Tripping (Minor) at 8:49, Tomas Kana (StJ) for Charging (Minor) at 13:01
3rd period
2. Influenza , Ryan Carter 2 (Justin Abdelkader) at 1:41
3. Staline , Greg Zanon 2 (Mark Stuart, Robert Dome) at 7:24
4. Staline , Chris Dingman 15 (Alexandre Daigle) at 19:47
Penalties :
Eric Hunter (StJ) for Cross-checking (Minor) at 10:29, Robby Dee (StJ) for Tripping (Minor) at 14:10, Alexandre Daigle (StJ) for Cross-checking (Minor) at 17:40, Blake Comeau (VJB) for Slashing (Minor) at 17:40, Matt Carle (StJ) for Holding (Minor) at 19:58, Tim Gleason (VJB) for Goalie Interference (Minor) at 19:58
Overtime #1
5. Staline , Chris Dingman 16 (Matt Carle) at 12:42
Penalties :
Cody McCormick (VJB) for Boarding (Minor) at 3:50, Cam Janssen (StJ) for Tripping (Minor) at 8:59
Goalie Stats
Brent Krahn (VJB), 34 saves from 37 shots - (0,919), OTL, 4-2-2, 72:42 minutes
Erik Ersberg (StJ), 39 saves from 41 shots - (0,951), W, 8-3-0, 72:42 minutes
Players Stats for Influenza
Player Name G A P +/- PIM S H SB GA TA FO MP PP MP PK MP
------------------------------------------------------------------------------------
Alexander Sulzer 0 0 0 0 0 1 1 4 0 0 0/0 22:39 4:57 2:37
Blake Comeau 0 1 1 0 2 3 4 0 2 0 0/0 26:51 6:21 3:24
Brian Salcido 0 0 0 0 0 0 0 1 0 0 0/0 11:54 0:00 0:53
Charles Linglet 0 0 0 -1 0 2 2 0 0 0 0/0 13:10 0:09 1:31
Cody McCormick 0 0 0 0 2 2 1 0 0 0 1/5 8:48 0:00 0:37
Colton Orr 0 0 0 0 0 4 3 1 1 0 0/0 8:13 0:10 0:00
Jaime Sifers 0 0 0 2 2 0 0 2 2 1 0/0 24:14 4:57 1:06
Jamie McBain 0 0 0 1 2 2 5 1 1 0 0/0 28:05 7:36 2:50
Jeff Halpern 0 0 0 0 0 2 1 0 1 0 1/4 16:27 0:00 2:45
Justin Abdelkader 1 1 2 1 0 4 1 1 0 0 1/1 24:52 6:22 1:34
Lasse Kukkonen 0 0 0 -3 0 6 5 4 1 3 0/0 35:32 7:36 3:58
Martins Karsums 0 0 0 -2 0 9 0 0 1 0 1/1 20:22 6:02 0:04
Pierre-Cédric Labrie 0 0 0 0 0 0 1 1 0 0 0/2 8:03 0:00 0:00
Rob Schremp 0 0 0 -1 0 1 1 1 1 0 12/19 18:44 6:02 0:07
Robbie Earl 0 0 0 -1 4 2 0 0 0 0 1/1 18:42 6:01 0:00
Ryan Carter 1 1 2 1 0 2 3 0 1 1 17/43 27:27 6:12 3:06
Ryan Vesce 0 0 0 0 0 1 1 0 0 0 0/0 12:02 0:19 0:04
Tim Gleason 0 0 0 -2 2 0 0 1 2 1 0/0 23:25 0:00 1:48
Players Stats for Staline
Player Name G A P +/- PIM S H SB GA TA FO MP PP MP PK MP
------------------------------------------------------------------------------------
Alexandre Daigle 0 1 1 1 2 2 2 0 1 0 2/3 27:06 3:16 7:03
Brandon Prust 0 0 0 0 0 2 2 1 0 0 1/1 11:01 0:00 2:38
Brock Trotter 0 0 0 0 0 0 0 0 0 0 0/0 3:11 0:00 1:36
Cam Janssen 0 0 0 -1 2 1 3 0 0 0 0/0 13:16 0:18 0:00
Chris Dingman 2 0 2 1 2 3 1 0 2 2 8/17 27:36 3:09 5:54
Devin Setoguchi 0 0 0 1 0 2 1 1 1 0 0/0 15:13 3:09 0:00
Eric Hunter 0 0 0 -1 2 0 2 0 0 0 2/5 11:21 0:00 0:00
Greg Zanon 1 0 1 1 0 2 0 0 0 2 0/0 32:31 3:25 7:27
J.T. Wyman 0 0 0 0 0 2 0 0 0 0 0/0 6:31 0:00 0:00
Jean-François Jacques 0 0 0 0 0 0 0 0 0 0 0/0 0:00 0:00 0:00
Josh Green 0 0 0 -1 0 3 2 0 0 0 0/0 13:12 0:18 0:00
Mark Stuart 0 1 1 1 0 2 4 0 0 4 0/0 32:31 3:25 7:27
Matt Carle 0 1 1 0 2 4 2 2 0 1 0/0 26:02 3:11 5:06
Matt Generous 0 0 0 0 2 0 0 0 0 0 0/0 9:40 0:00 0:04
Maxime Fortunus 0 0 0 0 0 0 0 0 1 0 0/0 11:26 0:11 0:00
Mike Sauer 0 0 0 0 0 0 0 0 0 0 0/0 3:53 0:00 0:00
Nick Palmieri 0 0 0 0 0 0 0 0 0 0 0/0 0:00 0:00 0:00
Raymond Sawada 0 0 0 0 0 0 0 0 0 0 0/0 0:00 0:00 0:00
Robby Dee 0 0 0 0 2 0 1 0 0 0 4/5 8:07 0:00 0:56
Robert Dome 0 1 1 1 0 5 2 3 0 0 1/2 21:24 3:09 3:21
Simon Danis-Pepin 0 0 0 0 0 0 0 0 0 0 0/0 3:53 0:00 0:00
T.J. Fast 0 0 0 0 4 3 2 0 0 1 0/0 25:42 3:11 5:02
Tomas Kana 0 0 0 1 2 1 2 0 0 2 8/15 15:58 3:09 0:00
Yan Stastny 0 0 0 1 0 5 0 0 1 1 16/28 23:56 3:09 3:38
3 Stars
1 - Ryan Carter (VJB)
2 - Chris Dingman (StJ)
3 - Justin Abdelkader (VJB)
Power Play
Influenza - 0 on 7 Attempt(s) - 0,00%
Staline - 0 on 4 Attempt(s) - 0,00%
Penalty Kill
Influenza - 4 on 4 Attempt(s) - 100,00%
- Score 0 goal in Penalty Kill
Staline - 7 on 7 Attempt(s) - 100,00%
- Score 0 goal in Penalty Kill
Official
Referees : Martell Rob and Hasenfratz Mike
Linesman : Steve Miller and Bryan Pancich
Game Notes
No Game Note
Finance
Level 1 -- Attendance: 1884 (94,20%) -- Ticket Income 65 940 $
Level 2 -- Attendance: 1000 (100,00%) -- Ticket Income 15 000 $
Total Attendance: 2884 (96,13%)
Total Ticket Income: 80 940 $
Other Income: 4 047 $
Total Income: 84 987 $
Influenza
5 vs 5 Forward
Center Left Wing Right Wing Time % Phy DF OF
1 Ryan Carter Justin Abdelkader Blake Comeau 40 1 1 3
2 Rob Schremp Robbie Earl Martins Karsums 30 1 1 3
3 Jeff Halpern Charles Linglet Ryan Vesce 20 1 2 2
4 Cody McCormick Pierre-Cédric Labrie Colton Orr 10 1 2 2
5 vs 5 Defense
Defense Defense Time % Phy DF OF
1 Lasse Kukkonen Tim Gleason 40 1 2 2
2 Jamie McBain Jaime Sifers 30 1 2 2
3 Alexander Sulzer Brian Salcido 20 1 2 2
4 Lasse Kukkonen Tim Gleason 10 1 2 2
PowerPlay Forward
Center Left Wing Right Wing Time % Phy DF OF
1 Ryan Carter Justin Abdelkader Blake Comeau 60 1 2 2
2 Rob Schremp Robbie Earl Martins Karsums 40 1 2 2
PowerPlay Defense
Defense Defense Time % Phy DF OF
1 Jamie McBain Lasse Kukkonen 60 1 2 2
2 Alexander Sulzer Jaime Sifers 40 1 2 2
Penalty Kill 4 Players Forward
Center Wing Time % Phy DF OF
1 Ryan Carter Blake Comeau 60 1 2 2
2 Jeff Halpern Justin Abdelkader 40 1 2 2
Penalty Kill 4 Players Defense
Defense Defense Time % Phy DF OF
1 Jamie McBain Lasse Kukkonen 60 1 2 2
2 Alexander Sulzer Jaime Sifers 40 1 2 2
Penalty Kill - 3 Players Forward
Forward Time % Phy DF OF
1 Ryan Carter 60 1 2 2
2 Jeff Halpern 40 1 2 2
Penalty Kill - 3 Players Defense
Defense Defense Time % Phy DF OF
1 Jamie McBain Lasse Kukkonen 60 1 2 2
2 Alexander Sulzer Jaime Sifers 40 1 2 2
4 vs 4 Forward
Center Wing Time % Phy DF OF
1 Ryan Carter Blake Comeau 60 1 2 2
2 Jeff Halpern Justin Abdelkader 40 1 2 2
4 vs 4 Defense
Defense Defense Time % Phy DF OF
1 Jamie McBain Lasse Kukkonen 60 1 2 2
2 Alexander Sulzer Jaime Sifers 40 1 2 2
Last Minutes Offensive
Center Left Wing Right Wing Defense Defense
Ryan Carter Justin Abdelkader Blake Comeau Tim Gleason Lasse Kukkonen
Last Minutes Defensive
Center Left Wing Right Wing Defense Defense
Jeff Halpern Justin Abdelkader Blake Comeau Tim Gleason Lasse Kukkonen
Goaltenders
Starting : Brent Krahn
Backup : Alex Stalock
Extra Forwards
Normal : Martins Karsums, Ryan Vesce, Jeff Halpern - PP : Ryan Vesce, Martins Karsums - PK : Jeff Halpern
Extra Defensemen
Normal : Jamie McBain, Tim Gleason, Alexander Sulzer - PP : Jamie McBain - PK : Tim Gleason, Jamie McBain
Penalty Shots
Justin Abdelkader, Ryan Carter, Martins Karsums, Rob Schremp, Robbie Earl
Staline
5 vs 5 Forward
Center Left Wing Right Wing Time % Phy DF OF
1 Yan Stastny Chris Dingman Alexandre Daigle 40 1 2 2
2 Tomas Kana Robert Dome Devin Setoguchi 30 1 2 2
3 Eric Hunter Josh Green Cam Janssen 20 1 2 2
4 Robby Dee Brandon Prust J.T. Wyman 10 1 2 2
5 vs 5 Defense
Defense Defense Time % Phy DF OF
1 Mark Stuart Greg Zanon 40 1 2 2
2 Matt Carle T.J. Fast 30 1 2 2
3 Maxime Fortunus Matt Generous 20 1 2 2
4 Mike Sauer Simon Danis-Pepin 10 1 2 2
PowerPlay Forward
Center Left Wing Right Wing Time % Phy DF OF
1 Yan Stastny Chris Dingman Alexandre Daigle 60 1 2 2
2 Tomas Kana Robert Dome Devin Setoguchi 40 1 2 2
PowerPlay Defense
Defense Defense Time % Phy DF OF
1 Mark Stuart Greg Zanon 60 1 2 2
2 Matt Carle T.J. Fast 40 1 2 2
Penalty Kill 4 Players Forward
Center Wing Time % Phy DF OF
1 Chris Dingman Alexandre Daigle 60 1 2 2
2 Yan Stastny Robert Dome 40 1 2 2
Penalty Kill 4 Players Defense
Defense Defense Time % Phy DF OF
1 Mark Stuart Greg Zanon 60 1 2 2
2 Matt Carle T.J. Fast 40 1 2 2
Penalty Kill - 3 Players Forward
Forward Time % Phy DF OF
1 Chris Dingman 60 1 2 2
2 Alexandre Daigle 40 1 2 2
Penalty Kill - 3 Players Defense
Defense Defense Time % Phy DF OF
1 Mark Stuart Greg Zanon 60 1 2 2
2 Matt Carle T.J. Fast 40 1 2 2
4 vs 4 Forward
Center Wing Time % Phy DF OF
1 Chris Dingman Alexandre Daigle 60 1 2 2
2 Yan Stastny Robert Dome 40 1 2 2
4 vs 4 Defense
Defense Defense Time % Phy DF OF
1 Mark Stuart Greg Zanon 60 1 2 2
2 Matt Carle T.J. Fast 40 1 2 2
Last Minutes Offensive
Center Left Wing Right Wing Defense Defense
Yan Stastny Chris Dingman Alexandre Daigle Mark Stuart Greg Zanon
Last Minutes Defensive
Center Left Wing Right Wing Defense Defense
Yan Stastny Chris Dingman Alexandre Daigle Mark Stuart Greg Zanon
Goaltenders
Starting : Erik Ersberg
Backup : Tobias Stephan
Extra Forwards
Normal : Josh Green, Cam Janssen, Brandon Prust - PP : Josh Green, Cam Janssen - PK : Brandon Prust
Extra Defensemen
Normal : Maxime Fortunus, Matt Generous, Mike Sauer - PP : Maxime Fortunus - PK : Matt Generous, Mike Sauer
Penalty Shots
Chris Dingman, Alexandre Daigle, Yan Stastny, Robert Dome, Josh Green
% Time on Ice - Influenza
Lines # - Real PCT - Wanted PCT - Time Play
Normal Forward
1 - 32% - 40% - 14:44
2 - 28% - 30% - 12:57
3 - 23% - 20% - 10:32
4 - 17% - 10% - 8:03
Normal Defense
1 - 46% - 40% - 21:21
2 - 31% - 30% - 14:20
3 - 21% - 20% - 9:34
4 - 2% - 10% - 1:01
PP Forward
1 - 52% - 60% - 6:31
2 - 48% - 40% - 6:02
PP Defense
1 - 61% - 60% - 7:36
2 - 39% - 40% - 4:57
PK Forward
1 - 77% - 60% - 5:05
2 - 23% - 40% - 1:31
PK Defense
1 - 69% - 60% - 4:33
2 - 31% - 40% - 2:03
PK3 Forward
1 - 0% - 60%
2 - 0% - 40%
PK3 Defense
1 - 0% - 60%
2 - 0% - 40%
44 Forward
1 - 68% - 60% - 4:56
2 - 32% - 40% - 2:21
44 Defense
1 - 48% - 60% - 3:31
2 - 52% - 40% - 3:46
Last Minute Offensive - 0:00
Last Minute Defensive - 0:00
Total
Forward - 72:42
Defense - 72:42
|
% Time on Ice - Staline
Lines # - Real PCT - Wanted PCT - Time Play
Normal Forward
1 - 34% - 40% - 15:35
2 - 28% - 30% - 12:53
3 - 24% - 20% - 11:09
4 - 14% - 10% - 6:31
Normal Defense
1 - 38% - 40% - 17:43
2 - 34% - 30% - 15:35
3 - 19% - 20% - 8:57
4 - 8% - 10% - 3:53
PP Forward
1 - 52% - 60% - 3:27
2 - 48% - 40% - 3:09
PP Defense
1 - 52% - 60% - 3:25
2 - 48% - 40% - 3:11
PK Forward
1 - 73% - 60% - 9:12
2 - 27% - 40% - 3:21
PK Defense
1 - 59% - 60% - 7:27
2 - 41% - 40% - 5:06
PK3 Forward
1 - 0% - 60%
2 - 0% - 40%
PK3 Defense
1 - 0% - 60%
2 - 0% - 40%
44 Forward
1 - 72% - 60% - 5:16
2 - 28% - 40% - 2:01
44 Defense
1 - 52% - 60% - 3:48
2 - 48% - 40% - 3:29
Last Minute Offensive - 0:08
Last Minute Defensive - 0:00
Total
Forward - 72:42
Defense - 72:42
|
Play by Play
1st period
0:01 of 1st period - Ryan Carter wins face-off versus Yan Stastny in neutral zone.
0:38 of 1st period - Wrist shot by Robert Dome.
0:38 of 1st period - Shot Blocked by Lasse Kukkonen.
0:40 of 1st period - Backhand shot by Mark Stuart.
0:40 of 1st period - Shot Blocked by Tim Gleason.
0:59 of 1st period - Snap shot by Cam Janssen.
0:59 of 1st period - Stopped by Brent Krahn without a rebound.
1:00 of 1st period - Robby Dee wins face-off versus Pierre-Cédric Labrie in Influenza zone.
1:16 of 1st period - Wrist shot by Brandon Prust.
1:16 of 1st period - Stopped by Brent Krahn without a rebound.
1:17 of 1st period - Yan Stastny wins face-off versus Ryan Carter in Influenza zone.
1:28 of 1st period - Snap shot by Alexandre Daigle.
1:28 of 1st period - Stopped by Brent Krahn with a rebound.
1:30 of 1st period - Snap shot by Yan Stastny.
1:30 of 1st period - Stopped by Brent Krahn with a rebound.
1:44 of 1st period - Alexander Sulzer is hit by Devin Setoguchi and loses puck.
2:31 of 1st period - Snap shot by Brandon Prust.
2:31 of 1st period - Shot Blocked by Lasse Kukkonen.
2:33 of 1st period - Slapshot by Mike Sauer.
2:33 of 1st period - Shot Misses the Net.
2:35 of 1st period - Snap shot by J.T. Wyman.
2:35 of 1st period - Stopped by Brent Krahn with a rebound.
2:49 of 1st period - Tim Gleason is hit by T.J. Fast and loses puck.
3:06 of 1st period - Tim Gleason is hit by Tomas Kana and loses puck.
3:29 of 1st period - Slapshot by Greg Zanon.
3:29 of 1st period - Stopped by Brent Krahn with a rebound.
3:48 of 1st period - Icing by Robbie Earl.
3:49 of 1st period - Yan Stastny wins face-off versus Ryan Carter in Influenza zone.
3:53 of 1st period - Minor Penalty to Jaime Sifers for Hooking.
3:54 of 1st period - Ryan Carter wins face-off versus Alexandre Daigle in Influenza zone.
5:17 of 1st period - Alexandre Daigle is hit by Jeff Halpern and loses puck.
5:53 of 1st period - Penalty to Jaime Sifers is over, Jaime Sifers is back on ice.
6:12 of 1st period - Minor Penalty to Matt Generous for Slashing.
6:13 of 1st period - Rob Schremp wins face-off versus Chris Dingman in Staline zone.
7:57 of 1st period - T.J. Fast is hit by Ryan Vesce and loses puck.
8:12 of 1st period - Penalty to Matt Generous is over, Matt Generous is back on ice.
8:24 of 1st period - Slapshot by Matt Carle.
8:24 of 1st period - Deflect By Jaime Sifers.
8:24 of 1st period - Stopped by Brent Krahn with a rebound.
8:26 of 1st period - Snap shot by Josh Green.
8:26 of 1st period - Shot Blocked by Jaime Sifers.
8:28 of 1st period - Slapshot by T.J. Fast.
8:28 of 1st period - Shot Misses the Net.
8:30 of 1st period - Wrist shot by Matt Carle.
8:30 of 1st period - Stopped by Brent Krahn with a rebound.
8:32 of 1st period - Wrist shot by Josh Green.
8:32 of 1st period - Stopped by Brent Krahn with a rebound.
8:46 of 1st period - Wrist shot by Robert Dome.
8:46 of 1st period - Stopped by Brent Krahn with a rebound.
8:48 of 1st period - Wrist shot by Devin Setoguchi.
8:48 of 1st period - Stopped by Brent Krahn with a rebound.
9:16 of 1st period - Wrist shot by Josh Green.
9:16 of 1st period - Shot Misses the Net.
9:42 of 1st period - Icing by Greg Zanon.
9:43 of 1st period - Yan Stastny wins face-off versus Pierre-Cédric Labrie in Staline zone.
9:52 of 1st period - Snap shot by Alexandre Daigle.
9:52 of 1st period - Shot Misses the Net.
10:06 of 1st period - Snap shot by Devin Setoguchi.
10:06 of 1st period - Shot Blocked by Jaime Sifers.
10:08 of 1st period - Wrist shot by Robert Dome.
10:08 of 1st period - Shot Misses the Net.
10:48 of 1st period - Mark Stuart is hit by Lasse Kukkonen and loses puck.
11:23 of 1st period - Icing by Jeff Halpern.
11:24 of 1st period - Robert Dome wins face-off versus Cody McCormick in Influenza zone.
11:32 of 1st period - Icing by Pierre-Cédric Labrie.
11:33 of 1st period - Cody McCormick wins face-off versus Yan Stastny in Influenza zone.
11:40 of 1st period - Slapshot by Yan Stastny.
11:40 of 1st period - Shot Misses the Net.
11:42 of 1st period - Snap shot by Yan Stastny.
11:42 of 1st period - Stopped by Brent Krahn with a rebound.
11:44 of 1st period - Snap shot by Yan Stastny.
11:44 of 1st period - Stopped by Brent Krahn without a rebound.
11:45 of 1st period - Justin Abdelkader wins face-off versus Yan Stastny in Influenza zone.
11:45 of 1st period - Justin Abdelkader is hit by Chris Dingman.
12:00 of 1st period - Minor Penalty to T.J. Fast for Interference.
12:01 of 1st period - Chris Dingman wins face-off versus Ryan Carter in Staline zone.
12:39 of 1st period - Minor Penalty to Robbie Earl for Slashing.
12:40 of 1st period - Chris Dingman wins face-off versus Ryan Carter in Influenza zone.
12:53 of 1st period - Wrist shot by Blake Comeau.
12:53 of 1st period - Stopped by Erik Ersberg with a rebound.
12:55 of 1st period - Wrist shot by Blake Comeau.
12:55 of 1st period - Shot Misses the Net.
14:00 of 1st period - Penalty to T.J. Fast is over, T.J. Fast is back on ice.
14:16 of 1st period - Jamie McBain is hit by Robert Dome and loses puck.
14:39 of 1st period - Penalty to Robbie Earl is over, Robbie Earl is back on ice.
14:59 of 1st period - Brandon Prust is hit by Colton Orr and loses puck.
15:51 of 1st period - Alexandre Daigle is hit by Blake Comeau and loses puck.
16:15 of 1st period - Snap shot by Martins Karsums.
16:15 of 1st period - Shot Blocked by Brandon Prust.
16:17 of 1st period - Wrist shot by Martins Karsums.
16:17 of 1st period - Stopped by Erik Ersberg with a rebound.
16:19 of 1st period - Snap shot by Martins Karsums.
16:19 of 1st period - Stopped by Erik Ersberg without a rebound.
16:20 of 1st period - Rob Schremp wins face-off versus Yan Stastny in Staline zone.
16:21 of 1st period - Slapshot by Martins Karsums.
16:21 of 1st period - Deflect By Alexandre Daigle.
16:21 of 1st period - Stopped by Erik Ersberg without a rebound.
16:22 of 1st period - Yan Stastny wins face-off versus Ryan Carter in Staline zone.
16:22 of 1st period - Yan Stastny is hit by Blake Comeau.
16:27 of 1st period - Minor Penalty to Jamie McBain for Slashing.
16:28 of 1st period - Alexandre Daigle wins face-off versus Ryan Carter in Influenza zone.
16:37 of 1st period - Yan Stastny is hit by Ryan Carter and loses puck.
18:27 of 1st period - Penalty to Jamie McBain is over, Jamie McBain is back on ice.
18:37 of 1st period - Matt Generous is hit by Jamie McBain and loses puck.
18:54 of 1st period - Martins Karsums is hit by Robby Dee and loses puck.
19:23 of 1st period - Yan Stastny is hit by Jamie McBain and loses puck.
19:51 of 1st period - Matt Carle is hit by Cody McCormick and loses puck.
2nd period
0:01 of 2nd period - Yan Stastny wins face-off versus Ryan Carter in neutral zone.
0:04 of 2nd period - Wrist shot by Blake Comeau.
0:04 of 2nd period - Stopped by Erik Ersberg with a rebound.
0:06 of 2nd period - Slapshot by Lasse Kukkonen.
0:06 of 2nd period - Stopped by Erik Ersberg without a rebound.
0:07 of 2nd period - Yan Stastny wins face-off versus Ryan Carter in Staline zone.
0:32 of 2nd period - Slapshot by Jeff Halpern.
0:32 of 2nd period - Stopped by Erik Ersberg with a rebound.
1:04 of 2nd period - Snap shot by Rob Schremp.
1:04 of 2nd period - Deflect By Robbie Earl.
1:04 of 2nd period - Stopped by Erik Ersberg with a rebound.
1:06 of 2nd period - Slapshot by Jamie McBain.
1:06 of 2nd period - Shot Misses the Net.
1:08 of 2nd period - Wrist shot by Rob Schremp.
1:08 of 2nd period - Stopped by Erik Ersberg without a rebound.
1:09 of 2nd period - Ryan Carter wins face-off versus Tomas Kana in Staline zone.
1:58 of 2nd period - Snap shot by Ryan Vesce.
1:58 of 2nd period - Stopped by Erik Ersberg with a rebound.
2:00 of 2nd period - Slapshot by Alexander Sulzer.
2:00 of 2nd period - Stopped by Erik Ersberg with a rebound.
2:02 of 2nd period - Snap shot by Charles Linglet.
2:02 of 2nd period - Stopped by Erik Ersberg without a rebound.
2:03 of 2nd period - Tomas Kana wins face-off versus Ryan Carter in Staline zone.
2:28 of 2nd period - Lasse Kukkonen is hit by Mark Stuart and loses puck.
3:41 of 2nd period - Snap shot by Devin Setoguchi.
3:41 of 2nd period - Deflect By Robert Dome.
3:41 of 2nd period - Shot Hit the Post.
3:41 of 2nd period - Puck is out of play.
3:42 of 2nd period - Rob Schremp wins face-off versus Yan Stastny in Influenza zone.
3:53 of 2nd period - Minor Penalty to Chris Dingman for Charging.
3:54 of 2nd period - Brandon Prust wins face-off versus Ryan Carter in Staline zone.
3:59 of 2nd period - Alexandre Daigle is hit by Ryan Carter and loses puck.
4:04 of 2nd period - Wrist shot by Jamie McBain.
4:04 of 2nd period - Deflect By Justin Abdelkader.
4:04 of 2nd period - Stopped by Erik Ersberg with a rebound.
4:06 of 2nd period - Snap shot by Lasse Kukkonen.
4:06 of 2nd period - Deflect By Greg Zanon.
4:06 of 2nd period - Stopped by Erik Ersberg with a rebound.
4:08 of 2nd period - Snap shot by Ryan Carter.
4:08 of 2nd period - Shot Misses the Net.
5:14 of 2nd period - Icing by Martins Karsums.
5:15 of 2nd period - Robbie Earl wins face-off versus Yan Stastny in Influenza zone.
5:53 of 2nd period - Penalty to Chris Dingman is over, Chris Dingman is back on ice.
6:10 of 2nd period - Backhand shot by Yan Stastny.
6:10 of 2nd period - Shot Blocked by Alexander Sulzer.
6:12 of 2nd period - Slapshot by T.J. Fast.
6:12 of 2nd period - Stopped by Brent Krahn without a rebound.
6:13 of 2nd period - Jeff Halpern wins face-off versus Eric Hunter in Influenza zone.
6:53 of 2nd period - Jamie McBain is hit by T.J. Fast and loses puck.
7:16 of 2nd period - Wrist shot by Jamie McBain.
7:16 of 2nd period - Stopped by Erik Ersberg with a rebound.
7:32 of 2nd period - Slapshot by Ryan Vesce.
7:32 of 2nd period - Shot Misses the Net.
7:34 of 2nd period - Slapshot by Ryan Vesce.
7:34 of 2nd period - Shot Misses the Net.
7:44 of 2nd period - Cody McCormick is hit by Cam Janssen and loses puck.
7:49 of 2nd period - Wrist shot by Josh Green.
7:49 of 2nd period - Stopped by Brent Krahn with a rebound.
7:51 of 2nd period - Wrist shot by Josh Green.
7:51 of 2nd period - Stopped by Brent Krahn with a rebound.
7:53 of 2nd period - Slapshot by Maxime Fortunus.
7:53 of 2nd period - Shot Blocked by Alexander Sulzer.
8:49 of 2nd period - Minor Penalty to T.J. Fast for Hooking.
8:49 of 2nd period - Minor Penalty to Robbie Earl for Tripping.
8:50 of 2nd period - Chris Dingman wins face-off versus Ryan Carter in neutral zone.
8:56 of 2nd period - Snap shot by Alexandre Daigle.
8:56 of 2nd period - Stopped by Brent Krahn with a rebound.
9:00 of 2nd period - Wrist shot by Chris Dingman.
9:00 of 2nd period - Shot Blocked by Jamie McBain.
9:50 of 2nd period - Justin Abdelkader is hit by Matt Carle.
9:54 of 2nd period - Slapshot by Jaime Sifers.
9:54 of 2nd period - Shot Blocked by Matt Carle.
10:04 of 2nd period - Jaime Sifers is hit by Cam Janssen.
10:49 of 2nd period - Penalty to T.J. Fast is over, T.J. Fast is back on ice.
10:49 of 2nd period - Penalty to Robbie Earl is over, Robbie Earl is back on ice.
10:50 of 2nd period - Wrist shot by Martins Karsums.
10:50 of 2nd period - Stopped by Erik Ersberg without a rebound.
10:51 of 2nd period - Tomas Kana wins face-off versus Rob Schremp in Staline zone.
11:02 of 2nd period - Slapshot by Robert Dome.
11:02 of 2nd period - Stopped by Brent Krahn with a rebound.
11:04 of 2nd period - Slapshot by Devin Setoguchi.
11:04 of 2nd period - Deflect By Tomas Kana.
11:04 of 2nd period - Stopped by Brent Krahn without a rebound.
11:05 of 2nd period - Tomas Kana wins face-off versus Rob Schremp in Influenza zone.
11:28 of 2nd period - Icing by Devin Setoguchi.
11:29 of 2nd period - Ryan Carter wins face-off versus Yan Stastny in Staline zone.
11:54 of 2nd period - Slapshot by Josh Green.
11:54 of 2nd period - Shot Blocked by Justin Abdelkader.
12:08 of 2nd period - Wrist shot by Justin Abdelkader.
12:08 of 2nd period - Stopped by Erik Ersberg with a rebound.
12:12 of 2nd period - Snap shot by Justin Abdelkader.
12:12 of 2nd period - Goal by Justin Abdelkader - Influenza : 1 - Staline : 0.
12:13 of 2nd period - Yan Stastny wins face-off versus Rob Schremp in neutral zone.
12:48 of 2nd period - Slapshot by Jaime Sifers.
12:48 of 2nd period - Deflect By Cody McCormick.
12:48 of 2nd period - Shot Misses the Net.
12:48 of 2nd period - Puck is out of play.
12:49 of 2nd period - Tomas Kana wins face-off versus Ryan Carter in Staline zone.
13:01 of 2nd period - Minor Penalty to Tomas Kana for Charging.
13:02 of 2nd period - Ryan Carter wins face-off versus Chris Dingman in Staline zone.
13:35 of 2nd period - Snap shot by Rob Schremp.
13:35 of 2nd period - Shot Misses the Net.
14:14 of 2nd period - Jaime Sifers is hit by Matt Carle and loses puck.
15:01 of 2nd period - Penalty to Tomas Kana is over, Tomas Kana is back on ice.
15:11 of 2nd period - Slapshot by Matt Carle.
15:11 of 2nd period - Shot Misses the Net.
15:30 of 2nd period - Tomas Kana is hit by Alexander Sulzer and loses puck.
15:50 of 2nd period - Tomas Kana is hit by Pierre-Cédric Labrie and loses puck.
16:15 of 2nd period - Mark Stuart is hit by Lasse Kukkonen and loses puck.
16:38 of 2nd period - Cody McCormick is hit by Alexandre Daigle and loses puck.
17:11 of 2nd period - Snap shot by Chris Dingman.
17:11 of 2nd period - Stopped by Brent Krahn with a rebound.
17:46 of 2nd period - Simon Danis-Pepin is hit by Jamie McBain and loses puck.
18:20 of 2nd period - Greg Zanon is hit by Colton Orr.
18:32 of 2nd period - Wrist shot by Josh Green.
18:32 of 2nd period - Shot Misses the Net.
3rd period
0:01 of 3rd period - Ryan Carter wins face-off versus Yan Stastny in neutral zone.
0:05 of 3rd period - Off-side.
0:06 of 3rd period - Chris Dingman wins face-off versus Ryan Carter in neutral zone.
0:20 of 3rd period - Off-side.
0:21 of 3rd period - Rob Schremp wins face-off versus Tomas Kana in neutral zone.
0:36 of 3rd period - Snap shot by Martins Karsums.
0:36 of 3rd period - Stopped by Erik Ersberg with a rebound.
0:56 of 3rd period - Snap shot by Ryan Carter.
0:56 of 3rd period - Deflect By Justin Abdelkader.
0:56 of 3rd period - Stopped by Erik Ersberg without a rebound.
0:57 of 3rd period - Rob Schremp wins face-off versus Tomas Kana in Staline zone.
1:00 of 3rd period - Slapshot by Lasse Kukkonen.
1:00 of 3rd period - Stopped by Erik Ersberg without a rebound.
1:01 of 3rd period - Rob Schremp wins face-off versus Tomas Kana in Staline zone.
1:12 of 3rd period - Slapshot by Rob Schremp.
1:12 of 3rd period - Shot Blocked by Devin Setoguchi.
1:14 of 3rd period - Wrist shot by Robbie Earl.
1:14 of 3rd period - Shot Misses the Net.
1:16 of 3rd period - Wrist shot by Martins Karsums.
1:16 of 3rd period - Stopped by Erik Ersberg with a rebound.
1:35 of 3rd period - Slapshot by Lasse Kukkonen.
1:35 of 3rd period - Deflect By Charles Linglet.
1:35 of 3rd period - Stopped by Erik Ersberg without a rebound.
1:36 of 3rd period - Ryan Carter wins face-off versus Yan Stastny in Staline zone.
1:41 of 3rd period - Snap shot by Justin Abdelkader.
1:41 of 3rd period - Deflect By Ryan Carter.
1:41 of 3rd period - Goal by Ryan Carter - Influenza : 2 - Staline : 0.
1:42 of 3rd period - Yan Stastny wins face-off versus Ryan Carter in neutral zone.
1:47 of 3rd period - Wrist shot by Blake Comeau.
1:47 of 3rd period - Stopped by Erik Ersberg with a rebound.
1:54 of 3rd period - Off-side.
1:55 of 3rd period - Yan Stastny wins face-off versus Ryan Carter in neutral zone.
2:20 of 3rd period - Rob Schremp is hit by Mark Stuart and loses puck.
2:41 of 3rd period - Slapshot by Tim Gleason.
2:41 of 3rd period - Shot Misses the Net.
3:20 of 3rd period - Off-side.
3:21 of 3rd period - Yan Stastny wins face-off versus Cody McCormick in neutral zone.
3:35 of 3rd period - Wrist shot by Alexandre Daigle.
3:35 of 3rd period - Deflect By Yan Stastny.
3:35 of 3rd period - Shot Blocked by Colton Orr.
3:35 of 3rd period - Puck is out of play.
3:36 of 3rd period - Tomas Kana wins face-off versus Ryan Carter in Influenza zone.
3:37 of 3rd period - Wrist shot by Robert Dome.
3:37 of 3rd period - Shot Misses the Net.
3:49 of 3rd period - Snap shot by Justin Abdelkader.
3:49 of 3rd period - Shot Misses the Net.
3:51 of 3rd period - Slapshot by Jaime Sifers.
3:51 of 3rd period - Shot Blocked by Robert Dome.
4:01 of 3rd period - Wrist shot by Martins Karsums.
4:01 of 3rd period - Stopped by Erik Ersberg with a rebound.
4:44 of 3rd period - Wrist shot by Devin Setoguchi.
4:44 of 3rd period - Stopped by Brent Krahn with a rebound.
4:55 of 3rd period - Off-side.
4:56 of 3rd period - Robby Dee wins face-off versus Ryan Carter in neutral zone.
4:59 of 3rd period - Backhand shot by T.J. Fast.
4:59 of 3rd period - Deflect By Jaime Sifers.
4:59 of 3rd period - Stopped by Brent Krahn with a rebound.
5:01 of 3rd period - Slapshot by Matt Carle.
5:01 of 3rd period - Deflect By Jamie McBain.
5:01 of 3rd period - Stopped by Brent Krahn without a rebound.
5:02 of 3rd period - Ryan Carter wins face-off versus Chris Dingman in Influenza zone.
6:02 of 3rd period - Charles Linglet is hit by Josh Green and loses puck.
6:38 of 3rd period - Icing by Lasse Kukkonen.
6:39 of 3rd period - Yan Stastny wins face-off versus Cody McCormick in Influenza zone.
6:48 of 3rd period - Slapshot by Alexandre Daigle.
6:48 of 3rd period - Deflect By Yan Stastny.
6:48 of 3rd period - Shot Blocked by Pierre-Cédric Labrie.
6:48 of 3rd period - Puck is out of play.
6:49 of 3rd period - Ryan Carter wins face-off versus Yan Stastny in Influenza zone.
7:04 of 3rd period - Off-side.
7:05 of 3rd period - Tomas Kana wins face-off versus Rob Schremp in neutral zone.
7:08 of 3rd period - Snap shot by Greg Zanon.
7:08 of 3rd period - Shot Misses the Net.
7:10 of 3rd period - Wrist shot by Devin Setoguchi.
7:10 of 3rd period - Shot Misses the Net.
7:12 of 3rd period - Wrist shot by Robert Dome.
7:12 of 3rd period - Stopped by Brent Krahn without a rebound.
7:13 of 3rd period - Rob Schremp wins face-off versus Tomas Kana in Influenza zone.
7:20 of 3rd period - Slapshot by Robert Dome.
7:20 of 3rd period - Stopped by Brent Krahn with a rebound.
7:22 of 3rd period - Slapshot by Mark Stuart.
7:22 of 3rd period - Shot Misses the Net.
7:24 of 3rd period - Wrist shot by Greg Zanon.
7:24 of 3rd period - Goal by Greg Zanon - Influenza : 2 - Staline : 1.
7:25 of 3rd period - Yan Stastny wins face-off versus Ryan Carter in neutral zone.
7:34 of 3rd period - Snap shot by Yan Stastny.
7:34 of 3rd period - Shot Blocked by Lasse Kukkonen.
7:50 of 3rd period - Mark Stuart is hit by Lasse Kukkonen and loses puck.
8:16 of 3rd period - Jeff Halpern is hit by Eric Hunter and loses puck.
8:38 of 3rd period - Off-side.
8:39 of 3rd period - Yan Stastny wins face-off versus Ryan Carter in neutral zone.
9:04 of 3rd period - Yan Stastny is hit by Colton Orr and loses puck.
9:09 of 3rd period - Snap shot by Colton Orr.
9:09 of 3rd period - Stopped by Erik Ersberg with a rebound.
9:11 of 3rd period - Snap shot by Lasse Kukkonen.
9:11 of 3rd period - Stopped by Erik Ersberg with a rebound.
9:13 of 3rd period - Wrist shot by Colton Orr.
9:13 of 3rd period - Stopped by Erik Ersberg with a rebound.
9:15 of 3rd period - Slapshot by Tim Gleason.
9:15 of 3rd period - Deflect By Colton Orr.
9:15 of 3rd period - Stopped by Erik Ersberg with a rebound.
9:17 of 3rd period - Wrist shot by Lasse Kukkonen.
9:17 of 3rd period - Deflect By Alexandre Daigle.
9:17 of 3rd period - Stopped by Erik Ersberg with a rebound.
9:36 of 3rd period - Off-side.
9:37 of 3rd period - Ryan Carter wins face-off versus Tomas Kana in neutral zone.
10:03 of 3rd period - Blake Comeau is hit by Brandon Prust and loses puck.
10:29 of 3rd period - Minor Penalty to Eric Hunter for Cross-checking.
10:30 of 3rd period - Rob Schremp wins face-off versus Chris Dingman in Staline zone.
10:31 of 3rd period - Snap shot by Martins Karsums.
10:31 of 3rd period - Shot Misses the Net.
10:39 of 3rd period - Slapshot by Alexandre Daigle.
10:39 of 3rd period - Shot Blocked by Rob Schremp.
10:41 of 3rd period - Slapshot by Mark Stuart.
10:41 of 3rd period - Stopped by Brent Krahn without a rebound.
10:42 of 3rd period - Rob Schremp wins face-off versus Chris Dingman in Influenza zone.
11:08 of 3rd period - Greg Zanon is hit by Justin Abdelkader and loses puck.
11:57 of 3rd period - Brock Trotter is hit by Jamie McBain and loses puck.
12:29 of 3rd period - Penalty to Eric Hunter is over, Eric Hunter is back on ice.
12:35 of 3rd period - Greg Zanon is hit by Charles Linglet.
14:10 of 3rd period - Minor Penalty to Robby Dee for Tripping.
14:11 of 3rd period - Chris Dingman wins face-off versus Ryan Carter in Staline zone.
14:40 of 3rd period - Snap shot by Robbie Earl.
14:40 of 3rd period - Stopped by Erik Ersberg without a rebound.
14:41 of 3rd period - Martins Karsums wins face-off versus Robert Dome in Staline zone.
14:44 of 3rd period - Wrist shot by Martins Karsums.
14:44 of 3rd period - Shot Blocked by Robert Dome.
15:07 of 3rd period - Icing by Rob Schremp.
15:08 of 3rd period - Yan Stastny wins face-off versus Ryan Carter in Influenza zone.
15:11 of 3rd period - Wrist shot by Yan Stastny.
15:11 of 3rd period - Stopped by Brent Krahn with a rebound.
15:13 of 3rd period - Slapshot by Mark Stuart.
15:13 of 3rd period - Shot Misses the Net.
15:41 of 3rd period - Snap shot by Martins Karsums.
15:41 of 3rd period - Stopped by Erik Ersberg with a rebound.
16:10 of 3rd period - Penalty to Robby Dee is over, Robby Dee is back on ice.
16:38 of 3rd period - Snap shot by T.J. Fast.
16:38 of 3rd period - Stopped by Brent Krahn with a rebound.
16:46 of 3rd period - Slapshot by J.T. Wyman.
16:46 of 3rd period - Stopped by Brent Krahn without a rebound.
16:47 of 3rd period - Tomas Kana wins face-off versus Rob Schremp in Influenza zone.
17:34 of 3rd period - Alexandre Daigle is hit by Blake Comeau and loses puck.
17:40 of 3rd period - Minor Penalty to Alexandre Daigle for Cross-checking.
17:40 of 3rd period - Minor Penalty to Blake Comeau for Slashing.
17:41 of 3rd period - Ryan Carter wins face-off versus Chris Dingman in Staline zone.
17:52 of 3rd period - Wrist shot by Josh Green.
17:52 of 3rd period - Shot Misses the Net.
17:54 of 3rd period - Wrist shot by Josh Green.
17:54 of 3rd period - Shot Misses the Net.
17:56 of 3rd period - Slapshot by Mark Stuart.
17:56 of 3rd period - Stopped by Brent Krahn without a rebound.
17:57 of 3rd period - Ryan Carter wins face-off versus Chris Dingman in Influenza zone.
18:08 of 3rd period - Snap shot by Ryan Carter.
18:08 of 3rd period - Stopped by Erik Ersberg with a rebound.
18:20 of 3rd period - Ryan Carter is hit by Mark Stuart and loses puck.
18:42 of 3rd period - Alexander Sulzer is hit by Josh Green and loses puck.
19:16 of 3rd period - Matt Carle is hit by Charles Linglet and loses puck.
19:40 of 3rd period - Penalty to Alexandre Daigle is over, Alexandre Daigle is back on ice.
19:40 of 3rd period - Penalty to Blake Comeau is over, Blake Comeau is back on ice.
19:47 of 3rd period - Staline, Erik Ersberg is pulled from the net.
19:47 of 3rd period - Wrist shot by Chris Dingman.
19:47 of 3rd period - Goal by Chris Dingman - Influenza : 2 - Staline : 2.
19:47 of 3rd period - Erik Ersberg from Staline was sent back in the game.
19:48 of 3rd period - Rob Schremp wins face-off versus Eric Hunter in neutral zone.
19:58 of 3rd period - Minor Penalty to Matt Carle for Holding.
19:58 of 3rd period - Minor Penalty to Tim Gleason for Goalie Interference.
19:59 of 3rd period - Chris Dingman wins face-off versus Ryan Carter in Staline zone.
Overtime #1
0:01 of 1st overtime period - Chris Dingman wins face-off versus Ryan Carter in neutral zone.
0:04 of 1st overtime period - Ryan Carter is hit by Alexandre Daigle and loses puck.
0:39 of 1st overtime period - Wrist shot by Yan Stastny.
0:39 of 1st overtime period - Stopped by Brent Krahn without a rebound.
0:40 of 1st overtime period - Ryan Carter wins face-off versus Chris Dingman in Influenza zone.
1:13 of 1st overtime period - Wrist shot by Jeff Halpern.
1:13 of 1st overtime period - Stopped by Erik Ersberg with a rebound.
1:16 of 1st overtime period - Icing by Robert Dome.
1:17 of 1st overtime period - Yan Stastny wins face-off versus Jeff Halpern in Staline zone.
1:22 of 1st overtime period - Justin Abdelkader is hit by Robert Dome and loses puck.
1:49 of 1st overtime period - Snap shot by Robert Dome.
1:49 of 1st overtime period - Shot Blocked by Alexander Sulzer.
1:57 of 1st overtime period - Wrist shot by Yan Stastny.
1:57 of 1st overtime period - Deflect By Robert Dome.
1:57 of 1st overtime period - Stopped by Brent Krahn without a rebound.
1:58 of 1st overtime period - Penalty to Matt Carle is over, Matt Carle is back on ice.
1:58 of 1st overtime period - Penalty to Tim Gleason is over, Tim Gleason is back on ice.
1:58 of 1st overtime period - Eric Hunter wins face-off versus Rob Schremp in Influenza zone.
2:13 of 1st overtime period - Wrist shot by Josh Green.
2:13 of 1st overtime period - Shot Misses the Net.
2:18 of 1st overtime period - Icing by Rob Schremp.
2:19 of 1st overtime period - Rob Schremp wins face-off versus Yan Stastny in Influenza zone.
2:41 of 1st overtime period - Martins Karsums is hit by Mark Stuart and loses puck.
2:54 of 1st overtime period - Snap shot by Rob Schremp.
2:54 of 1st overtime period - Deflect By Martins Karsums.
2:54 of 1st overtime period - Shot Misses the Net.
2:54 of 1st overtime period - Puck is out of play.
2:55 of 1st overtime period - Alexandre Daigle wins face-off versus Ryan Carter in Staline zone.
3:20 of 1st overtime period - Tomas Kana is hit by Jamie McBain and loses puck.
3:36 of 1st overtime period - Icing by T.J. Fast.
3:37 of 1st overtime period - Tomas Kana wins face-off versus Cody McCormick in Staline zone.
3:37 of 1st overtime period - Tomas Kana is hit by Lasse Kukkonen.
3:47 of 1st overtime period - Snap shot by Colton Orr.
3:47 of 1st overtime period - Shot Misses the Net.
3:50 of 1st overtime period - Minor Penalty to Cody McCormick for Boarding.
3:51 of 1st overtime period - Ryan Carter wins face-off versus Yan Stastny in Influenza zone.
4:00 of 1st overtime period - Mark Stuart is hit by Ryan Carter and loses puck.
5:50 of 1st overtime period - Penalty to Cody McCormick is over, Cody McCormick is back on ice.
6:01 of 1st overtime period - Slapshot by Martins Karsums.
6:01 of 1st overtime period - Shot Misses the Net.
6:03 of 1st overtime period - Slapshot by Lasse Kukkonen.
6:03 of 1st overtime period - Stopped by Erik Ersberg without a rebound.
6:04 of 1st overtime period - Rob Schremp wins face-off versus Robby Dee in Staline zone.
6:05 of 1st overtime period - Wrist shot by Martins Karsums.
6:05 of 1st overtime period - Stopped by Erik Ersberg without a rebound.
6:06 of 1st overtime period - Robby Dee wins face-off versus Rob Schremp in Staline zone.
6:21 of 1st overtime period - Robby Dee is hit by Rob Schremp and loses puck.
6:31 of 1st overtime period - Greg Zanon is hit by Blake Comeau and loses puck.
6:34 of 1st overtime period - Snap shot by Mark Stuart.
6:34 of 1st overtime period - Shot Blocked by Alexander Sulzer.
6:36 of 1st overtime period - Slapshot by Mark Stuart.
6:36 of 1st overtime period - Deflect By Robert Dome.
6:36 of 1st overtime period - Shot Blocked by Brian Salcido.
6:36 of 1st overtime period - Puck is out of play.
6:37 of 1st overtime period - Ryan Carter wins face-off versus Tomas Kana in Influenza zone.
6:42 of 1st overtime period - Tomas Kana is hit by Lasse Kukkonen.
7:27 of 1st overtime period - Slapshot by Cam Janssen.
7:27 of 1st overtime period - Shot Blocked by Lasse Kukkonen.
7:47 of 1st overtime period - Cody McCormick is hit by Brandon Prust and loses puck.
8:06 of 1st overtime period - Blake Comeau is hit by Tomas Kana.
8:50 of 1st overtime period - Off-side.
8:51 of 1st overtime period - Eric Hunter wins face-off versus Jeff Halpern in neutral zone.
8:59 of 1st overtime period - Minor Penalty to Cam Janssen for Tripping.
9:00 of 1st overtime period - Chris Dingman wins face-off versus Ryan Carter in Staline zone.
9:13 of 1st overtime period - Snap shot by Justin Abdelkader.
9:13 of 1st overtime period - Shot Misses the Net.
9:15 of 1st overtime period - Backhand shot by Jamie McBain.
9:15 of 1st overtime period - Stopped by Erik Ersberg without a rebound.
9:16 of 1st overtime period - Ryan Carter wins face-off versus Chris Dingman in Staline zone.
10:59 of 1st overtime period - Penalty to Cam Janssen is over, Cam Janssen is back on ice.
10:59 of 1st overtime period - Martins Karsums is hit by Cam Janssen and loses puck.
11:16 of 1st overtime period - Snap shot by Cody McCormick.
11:16 of 1st overtime period - Shot Misses the Net.
11:18 of 1st overtime period - Slapshot by Alexander Sulzer.
11:18 of 1st overtime period - Deflect By Colton Orr.
11:18 of 1st overtime period - Stopped by Erik Ersberg with a rebound.
11:20 of 1st overtime period - Snap shot by Colton Orr.
11:20 of 1st overtime period - Shot Blocked by Robert Dome.
11:22 of 1st overtime period - Snap shot by Cody McCormick.
11:22 of 1st overtime period - Stopped by Erik Ersberg with a rebound.
11:24 of 1st overtime period - Snap shot by Cody McCormick.
11:24 of 1st overtime period - Stopped by Erik Ersberg without a rebound.
11:25 of 1st overtime period - Robby Dee wins face-off versus Jeff Halpern in Staline zone.
11:38 of 1st overtime period - Snap shot by Brandon Prust.
11:38 of 1st overtime period - Stopped by Brent Krahn without a rebound.
11:39 of 1st overtime period - Ryan Carter wins face-off versus Eric Hunter in Influenza zone.
11:58 of 1st overtime period - Lasse Kukkonen is hit by Eric Hunter and loses puck.
12:12 of 1st overtime period - Icing by Tim Gleason.
12:13 of 1st overtime period - Yan Stastny wins face-off versus Ryan Carter in Influenza zone.
12:14 of 1st overtime period - Wrist shot by Matt Carle.
12:14 of 1st overtime period - Stopped by Brent Krahn with a rebound.
12:24 of 1st overtime period - Wrist shot by Justin Abdelkader.
12:24 of 1st overtime period - Shot Blocked by Matt Carle.
12:42 of 1st overtime period - Snap shot by Chris Dingman.
12:42 of 1st overtime period - Goal by Chris Dingman - Influenza : 2 - Staline : 3.
Output by the SimonT Hockey Simulator (STHS) for François Prévost -- Original Page W3C XHTML 1.0 Valid